 Dungeon Crawl Stone Soup version 0.31-a0-187-gba352fbbf7 (webtiles) character file.

Game seed: 7482429779224276968

41 qw the Shooter (level 3, -1/20 HPs)
             Began as a Deep Elf Hunter on June 22, 2023.
             Succumbed to an adder's poison
             ... on level 2 of the Dungeon.
             The game lasted 00:00:19 (753 turns).

qw the Shooter (Deep Elf Hunter)                     Turns: 753, Time: 00:00:19

Health: -1/20      AC:  3    Str: 10    XL:     3   Next: 32%
Magic:  5/5        EV: 12    Int: 13    God:
Gold:   66         SH:  0    Dex: 18    Spells: 2/2 levels left

rFire   . . .        Y - +0 shortbow
rCold   . . .        (shield currently unavailable)
rNeg    . . .        c - +0 leather armour
rPois   .            (no helmet)
rElec   .            (no cloak)
rCorr   .            (no gloves)
SInv    .            (no boots)
Will    .....        (no amulet)
Stlth   ++           (no ring)
HPRegen 0.23/turn    (no ring)
MPRegen 0.09/turn

%: no passive effects
@: lethally poisoned (-1 -> -17)
A: no striking features
a: no special abilities


You were on level 2 of the Dungeon.
You visited 1 branch of the dungeon, and saw 2 of its levels.

You collected 66 gold pieces.


   Skills:
 - Level 1.5 Fighting
 + Level 6.9 Ranged Weapons
 - Level 2.4 Dodging
 - Level 1.2 Stealth


You had 2 spell levels left.
You didn't know any spells.
Your spell library was empty.

Inventory:

Hand Weapons
 Y - a +0 shortbow (weapon)
Armour
 c - a +0 leather armour (worn)
Potions
 d - a potion of invisibility {unknown}
 g - a potion of ambrosia {unknown}
 k - a potion of haste {unknown}

Dungeon Overview and Level Annotations

Branches:
Dungeon (2/15)

Altars:


Message History

You shoot an arrow.
The arrow hits the adder but does no damage.
The adder is severely wounded.
The adder barely misses you.
You shoot an arrow. The arrow hits the adder.
You kill the adder!
You shoot an arrow. The arrow misses the adder.
The arrow hits the goblin!
You kill the goblin!
The adder bites you but does no damage.
You shoot an arrow. The arrow barely misses the adder.
The adder closely misses you. The adder bites you.
You are poisoned.
The adder poisons you!
You shoot an arrow.
The arrow hits the adder but does no damage.
You feel sick. The adder bites you.
You are more poisoned.
The adder poisons you! The adder closely misses you.
The adder barely misses you.
You shoot an arrow. The arrow barely misses the adder.
You feel sick. The adder completely misses you. The adder barely misses you.
The adder bites you.
You are more poisoned.
The adder poisons you!
You shoot an arrow. The arrow hits the adder.
The adder is moderately wounded.
You feel very sick. The adder bites you.
You are lethally poisoned!
The adder poisons you! The adder barely misses you.
The adder bites you but does no damage.
You shoot an arrow. The arrow hits the adder.
The adder is severely wounded.
You feel very sick. The adder barely misses you. The adder bites you. x2
You are more poisoned.
The adder poisons you!
You shoot an arrow. The arrow hits the adder.
The adder is almost dead.
You die...

7.77..# #....<#
#....#
#).7.7#7#7##
#..%.......#
#..7.7#7#7.#
###.....# ##.#
##.......###..#
#@S#.........#####
#S##....####.....#
#)####### #####..
#.$ ### ... ...>
<.... ##....


You could see 2 adders.

Vanquished Creatures
  An adder (D:2)
  A worm (D:2)
  8 bats
  An endoplasm (D:1)
  5 goblins
  4 hobgoblins (D:1)
  2 jackals (D:1)
  4 kobolds (D:1)
  A rat (D:1)
27 creatures vanquished.

Notes
Turn   | Place    | Note
-------+----------+-------------------------------------------
     0 | D:1      | qw the Deep Elf Hunter began the quest for the Orb.
     0 | D:1      | Reached XP level 1. HP: 12/12 MP: 3/3
     0 | D:1      | 0 ||| qw: Version: 0.3-a-9-g12657ce
     0 | D:1      | 0 ||| qw: Game counter: 2159
     0 | D:1      | 0 ||| qw: Always use a shield: true
     0 | D:1      | 0 ||| qw: God list: Okawaru
     0 | D:1      | 0 ||| qw: Allow faded altars: false
     0 | D:1      | 0 ||| qw: Do Orc after D:15 true
     0 | D:1      | 0 ||| qw: Do second Lair branch before Depths: true
     0 | D:1      | 0 ||| qw: Lair rune preference: random
     0 | D:1      | 0 ||| qw: Plans: Normal
     0 | D:1      | 0 ||| PLANNING D:1-11
   175 | D:1      | Reached XP level 2. HP: 16/16 MP: 4/4
   183 | D:1      | Reached skill level 6 in Ranged Weapons
   276 | D:1      | Found a faded altar of an unknown god.
   612 | D:1      | 612 ||| READING scroll labelled LEXYIMIEMO.
   616 | D:1      | 616 ||| READING scroll labelled KOOBBI IFAANYAL.
   617 | D:1      | 617 ||| READING scroll labelled GYACAST POMOZ.
   618 | D:1      | 618 ||| READING scroll labelled BOOBLI SAURO.
   619 | D:1      | 619 ||| READING scroll labelled ZIUFEWO LOCIM.
   620 | D:1      | 620 ||| DRINKING 2 lumpy red potions.
   621 | D:1      | 621 ||| DROPPING scroll of butterflies.
   622 | D:1      | 622 ||| DROPPING potion of attraction.
   704 | D:2      | Reached XP level 3. HP: 14/20 MP: 5/5
   752 | D:2      | HP: 5/20 [poisoned by an adder]
   753 | D:2      | Succumbed to an adder's poison

Levels and vault maps discovered:
D:1:      scummos_arrival_star, layout_loops_ring,
          hellmonk_ecumenical_altar_heavens_door
D:2:      layout_rooms, serial_forest, infiniplex_forest_lined_room_,
          infiniplex_forest_clump_cross, infiniplex_forest_clump_curved,
          infiniplex_forest_straight_2, infiniplex_forest_lined_2,
          infiniplex_forest_corner_2, infiniplex_forest_zigzag_1,
          infiniplex_forest_lined_1

Skill      XL: |  1  2 |
---------------+-------+-----
Ranged Weapons | 6 |  6.9
Fighting       | |  1.5
Dodging        | |  2.4
Stealth        | |  1.2

Action                     || total
---------------------------++-------
   Fire: Shortbow          ||    71
    Use: Scroll            ||     5
         Potion            ||     1
 Armour: Leather armour    ||     6
  Dodge: Dodged            ||    14

Table legend:
 A = Non-vault XP
 B = Vault XP
 C = Vault XP percentage of total XP
 D = Non-vault monster count
 E = Vault monster count
 F = Vault count percentage of total count
                 A         B        C        D         E       F
            +---------+---------+-------+---------+---------+-------
      Total |      59 |       0 |   0.0 |      27 |       0 |   0.0
            +---------+---------+-------+---------+---------+-------
        D:1 |      34 |       0 |   0.0 |      21 |       0 |   0.0
        D:2 |      25 |       0 |   0.0 |       6 |       0 |   0.0
            +---------+---------+-------+---------+---------+-------
